AoeStats
← Toblerone Order

Lombardia

507487504Analyzed
2v2 RM · 14d ago on Sep 18, 2026· 15m 59s· 4 players
Game mode
Random Map
Map size
Medium (4 player)
Population
200
Speed
Normal
Resources
Standard
Victory
Conquest
Starting age
Dark Age
Ending age
Imperial Age
RankedLock teamsTeams togetherTeam positionsShared explorationLock speedFull tech treeHidden civsTurbo modeCheats
Victory
Defeat
🇺🇸 Ethiopians · United States
1541
+13
🇹🇷 Burmese · Türkiye
1500
+15
🇨🇦 Italians · Canada
1501
-15
🇨🇱 Teutons · Chile
1462
-13
Chasers
8:16 Loom
10:55 Feudal Age
11:39 Double-Bit Axe
13:47 Gold Mining
13:48 Horse Collar
14:18 Fletching
14:30 Padded Archer Armor
AP10
9:24 Feudal Age
9:49 Loom
13:22 Double-Bit Axe
13:18 Horse Collar
Rhogal
6:55 Loom
9:55 Feudal Age
12:17 Double-Bit Axe
15:06 Fletching
15:25 Horse Collar
Toblerone Order
7:02 Loom
9:29 Feudal Age
15:59 Wheelbarrow
Connection lost

Rejoining the realm…

Still unreachable

The connection could not be restored.

Session expired

The server has moved on; the page needs a fresh start.